 Dungeon Crawl Stone Soup version 0.31-a0-963-ga325b2283a (webtiles) character file.

Game seed: 3191268837477538506

18189 BinkBink the Cleaver (level 12, -5/77 HPs)
             Began as a Gargoyle Fighter on Oct 25, 2023.
             Was a High Priest of Qazlal.
             Slain by an ettin
             ... wielding a +0 dire flail
              (17 damage)
             ... on level 11 of the Dungeon.
             The game lasted 00:20:31 (11718 turns).

BinkBink the Cleaver (Gargoyle Fighter)            Turns: 11718, Time: 00:20:31

Health: -5/77      AC: 22    Str: 24    XL:     12   Next: 55%
Magic:  12/12      EV: 13    Int:  9    God:    Qazlal [*****.]
Gold:   573        SH: 12    Dex: 13    Spells: 11/11 levels left

rFire   + . .        y - +4 war axe (flame)
rCold   + . .        c - +0 buckler
rNeg    + . .        u - +2 ring mail {rC+}
rPois   ∞            N - +2 hat
rElec   +            (no cloak)
rCorr   .            w - +1 pair of gloves of Parenas {rElec Str+3 SInv Stlth-}
SInv    +            (no boots)
Will    .....        (no amulet) Stlth
                     e - ring of protection from fire
HPRegen 0.32/turn    (no ring)
MPRegen 0.13/turn

%: repel missiles
@: studying Stealth
A: sickness immunity, AC +8, negative energy resistance 1, electricity
resistance, torment resistance 1, petrification resistance
a: Renounce Religion, Upheaval, Elemental Force, Disaster Area


You were on level 11 of the Dungeon.
You worshipped Qazlal.
Qazlal was extremely pleased with you.
You visited 2 branches of the dungeon, and saw 12 of its levels.
You also visited: Sewer.

You collected 661 gold pieces.
You spent 88 gold pieces at shops.

Inventory:

Hand Weapons
 x - the +8 short sword of Liqaucy {heavy, Int+2}
   (You found it on level 4 of the Dungeon)

   Int+2:     It affects your intelligence (+2).
 y - a +4 war axe of flaming (weapon)
Missiles
 a - a throwing net (quivered)
Armour
 c - a +0 buckler (worn)
 u - a +2 ring mail of cold resistance (worn)
 w - the +1 pair of gloves of Parenas (worn) {rElec Str+3 SInv Stlth-}
   (You found it on level 3 of the Dungeon)

   Str+3:     It affects your strength (+3).
   rElec:     It insulates you from electricity.
   SInv:      It lets you see invisible.
   Stlth-:    It makes you less stealthy.
 N - a +2 hat (worn)
Jewellery
 e - a ring of protection from fire (left hand)
 t - a ring of fire
 D - a ring of see invisible
 E - a ring of willpower
 H - a ring of willpower
 K - a ring of wizardry
Wands
 h - a wand of digging (3)
 o - a wand of flame (55)
 C - a wand of polymorph (17)
 F - a wand of mindburst (7)
 J - a wand of quicksilver (5)
Scrolls
 b - a scroll of summoning {unknown}
 f - 2 scrolls of fear
 g - 2 scrolls of revelation
 j - 3 scrolls of noise
 k - 2 scrolls of vulnerability
 l - 3 scrolls of amnesia
 n - a scroll of blinking
 q - 5 scrolls of teleportation
 z - a scroll of fog
 A - a scroll of enchant armour
 B - a scroll of poison
 I - a scroll of immolation
 P - a scroll of identify
Potions
 d - 2 potions of magic
 i - 4 potions of haste
 m - 4 potions of brilliance
 p - 2 potions of invisibility
 r - 6 potions of curing
 s - 7 potions of lignification
 v - a potion of attraction {unknown}
 G - a potion of cancellation {unknown}
 L - a potion of mutation {unknown}
 M - a potion of ambrosia {unknown}
 O - a potion of berserk rage {unknown}


   Skills:
 + Level 9.9 Fighting
 * Level 11.2 Axes
 + Level 9.8 Armour
 + Level 6.7 Dodging
 + Level 9.6 Shields


You had 11 spell levels left.
You didn't know any spells.
Your spell library contained the following spells:

 Spells                   Type           Power      Damage    Failure   Level
 Necrotise                Necr           0%         1d4       54%         1
 Vampiric Draining        Necr           0%         2d6       89%         3
 Leda's Liquefaction      Hex/Erth       0%         N/A       100%        4
 Petrify                  Tmut/Erth      0%         N/A       100%        4
 Agony                    Necr           0%         N/A       100%        5
 Irradiate                Conj/Tmut      0%         3d11      100%        5
 Lee's Rapid Deconstruct  Erth           0%         3d4*      100%        5
 Bombard                  Conj/Erth      0%         9d1       100%        6
 Sublimation of Blood     Necr           Unusable   N/A       N/A         2

Dungeon Overview and Level Annotations

Branches:
Dungeon (11/15)            Temple (1/1) D:4            Lair (0/5) D:9
  Sewer (visited)
    Orc: D:9-12

Altars:
Ashenzari
Cheibriados
Dithmenos
Elyvilon
Fedhas
Gozag
Hepliaklqana
Kikubaaqudgha
Makhleb
Nemelex Xobeh
Okawaru
Qazlal
Ru
Sif Muna
Trog
Uskayaw
Vehumet
Wu Jian
Xom
Yredelemnul
Zin
The Shining One

Shops:
D:3 ?   D:4 [

Portals:
Trove: D:10 (give 6 scrolls of fear)

Annotations:
D:10 2 transporters, BinkBink's ghost, journeyman FoFi


Innate Abilities, Weirdness & Mutations

You are immune to sickness and miasma.
Your stone body is resilient. (AC +8)
You are immune to poison.
You resist negative energy. (rN+)
You are resistant to electric shocks. (rElec)
You are resistant to unholy torment.
You are immune to petrification.


Message History

There is a stone staircase leading down here.
You climb downwards.
The ettin misses you. You block the ettin's attack.
There is a stone staircase leading up, spattered with blood here.
You barely miss the ettin. You block the ettin's attack.
The ettin barely misses you.
You barely miss the ettin. The ettin misses you.
The ettin hits you but does no damage.
You hit the ettin but do no damage.
The ettin hits you with a +0 dire flail!!
The ettin misses you.
You hit the ettin. You burn the ettin.
The ettin is lightly wounded.
The ettin misses you.
The ettin hits you with a +0 dire flail!
You are too injured to fight recklessly!
You are too injured to fight recklessly!
You are too injured to fight recklessly!
You block the ettin's attack.
The ettin hits you with a +0 dire flail!
* * * LOW HITPOINT WARNING * * *
The ettin is engulfed in freezing vapours.
The ettin attacks as it pursues you! The ettin closely misses you.
The ettin misses you. The ettin attacks as it pursues you!
The ettin hits you with a +0 dire flail!
* * * LOW HITPOINT WARNING * * *
The ettin hits you but does no damage. The ettin attacks as it pursues you!
You block the ettin's attack. x2
There is an open door here.
There is a stone staircase leading down here.
The ettin attacks as it pursues you! You block the ettin's attack.
The ettin hits you with a +0 dire flail!
* * * LOW HITPOINT WARNING * * *
The ettin is engulfed in blazing flames.
There is an open door here.
You enter the shallow water.
Moving in this stuff is going to be slow.
The ettin attacks as it pursues you!
The ettin hits you with a +0 dire flail!
You die...

'...##.##...##............# #♣P~
#...##).#...##............# #~~
.....'..#...##.......~....# #♣~
#...[##.#...######'#♣~♣#### #~~
#.....#.'...# #.♣P~♣P♣♣ ♣~≈
##....###...# #~~~P~~~♣ ♣P~
.'.....##.).######♣~~~~~~♣ ♣~P
.##....##..##..○..♣~~~~≈≈♣♣♣ ♣♣~P
..#....(##.##...@C~°~~~≈≈≈~♣♣♣~P~
##########.....○.°♣~~≈≈≈≈≈~~≈~PP~
..#....(####...§...♣§~~~~~~≈~~~~≈
.##....## #.....................
.#.....# #....[..~~~~~~~~≈~~~≈~
##....## ##......~P~~~~~~≈≈≈≈≈~
#.....##### #.......♣~~~~~≈≈≈≈~P~
#....##...# #........♣♣~~~≈≈≈≈≈~~
.....##...# #####.>...~♣♣~~~≈P~P~


You could see an ettin.

Vanquished Creatures
  A storm dragon (D:11)
  2 boulder beetles (D:11)
  2 centaur warriors (D:11)
  2 two-headed ogres
  A wolf spider (D:11)
  An orc knight (D:11)
  An ugly thing (D:11)
  A cyclops (D:10)
  A gargoyle (D:11)
  An unseen horror (D:11)
  A komodo dragon (D:8)
  3 trolls
  4 hornets
  4 shadows
  2 vampires (D:11)
  2 wraiths (D:11)
  2 wyverns
  14 yaks
  4 vampire mosquitoes (D:11)
  2 swamp worms (D:9)
  4 acid dragons
  Edmund (D:4)
  A water moccasin (D:7)
  4 ice beasts
  3 sky beasts
  7 orc warriors
  4 black bears
  3 centaurs
  A phantom (D:5)
  5 kobold brigands
  Blork the orc (D:4)
  2 bullfrogs
  2 gnoll sergeants
  2 scorpions
  6 wights (D:8)
  2 killer bees (D:8)
  5 howler monkeys
  7 electric eels
  8 jellies
  3 hounds
  9 orc priests
  A gnoll bouda (D:6)
  Ijyb (D:4)
  Natasha (thrice) (D:2)
  7 orc wizards
  An iguana (D:4)
  13 gnolls (D:6)
  A river rat (Sewer)
  7 adders
  A shadow imp (D:7)
  2 white imps (D:8)
  An ufetubus (D:7)
  2 worms
  A dart slug (D:4)
  41 orcs
  14 endoplasms
  10 giant cockroaches
  6 goblins
  8 hobgoblins
  3 jackals (D:2)
  7 quokkas
  9 ball pythons
  6 bats
  5 frilled lizards
  24 kobolds
  8 rats
313 creatures vanquished.

Vanquished Creatures (others)
  A vampire (D:11)
  An orc (D:11)
  A kobold (D:11)
3 creatures vanquished.

Grand Total: 316 creatures vanquished

Notes
Turn   | Place    | Note
-------+----------+-------------------------------------------
     0 | D:1      | BinkBink the Gargoyle Fighter began the quest for the Orb.
     0 | D:1      | Reached XP level 1. HP: 14/14 MP: 1/1
   110 | D:1      | Reached skill level 2 in Axes
   168 | D:1      | Reached XP level 2. HP: 19/19 MP: 2/2
   316 | D:1      | Reached XP level 3. HP: 23/23 MP: 3/3
  1230 | D:2      | Noticed Natasha
  1241 | D:2      | Killed Natasha
  1242 | D:2      | Reached skill level 1 in Dodging
  1242 | D:2      | Reached XP level 4. HP: 18/29 MP: 4/4
  1472 | D:2      | Noticed Natasha
  1479 | D:2      | Killed Natasha
  1480 | D:2      | Reached skill level 3 in Axes
  1549 | D:2      | Reached XP level 5. HP: 33/33 MP: 5/5
  1634 | D:2      | Noticed Natasha
  1645 | D:2      | Killed Natasha
  1751 | D:3      | Found Rosec's Magic Scroll Emporium.
  1761 | D:3      | Bought 3 scrolls of identify for 66 gold pieces
  1761 | D:3      | Bought a scroll of identify for 22 gold pieces
  1891 | D:3      | Found an iron altar of Okawaru.
  1922 | D:3      | Found a hazy altar of Hepliaklqana.
  2153 | D:3      | Found a sparkling altar of Nemelex Xobeh.
  2356 | D:3      | Identified the +1 pair of gloves of Parenas {rElec Str+3
                  | SInv Stlth-}
  2745 | D:4      | Identified the +8 short sword of Liqaucy {heavy, Int+2}
  2797 | D:4      | Reached XP level 6. HP: 38/38 MP: 6/6
  2805 | D:4      | Noticed Blork the orc
  2814 | D:4      | Killed Blork the orc
  2917 | D:4      | Found a staircase to the Ecumenical Temple.
  2931 | Temple   | Entered the Ecumenical Temple
  2945 | Temple   | Became a worshipper of Qazlal Stormbringer
  2970 | D:4      | Noticed Edmund
  2986 | D:4      | Killed Edmund
  2987 | D:4      | Reached skill level 4 in Axes
  3030 | D:4      | Found a hide-covered altar of Uskayaw.
  3057 | D:4      | Found Ruruer's Antique Armour Shop.
  3081 | D:4      | Reached XP level 7. HP: 44/44 MP: 7/7
  3123 | D:4      | Noticed Ijyb
  3124 | D:4      | Found a blossoming altar of Fedhas.
  3131 | D:4      | Killed Ijyb
  3221 | D:4      | Found a glowing drain.
  3227 | Sewer    | Entered a sewer
  3277 | Sewer    | Reached * piety under Qazlal
  3337 | Sewer    | Found a viscous altar of Jiyva.
  3850 | D:5      | Entered Level 5 of the Dungeon
  3958 | D:5      | Reached skill level 5 in Fighting
  4006 | D:5      | Reached skill level 5 in Axes
  4006 | D:5      | Reached skill level 5 in Armour
  4040 | D:5      | Reached skill level 5 in Shields
  4040 | D:5      | Reached XP level 8. HP: 49/49 MP: 8/8
  4749 | D:6      | Reached ** piety under Qazlal
  4847 | D:6      | Reached skill level 6 in Axes
  5029 | D:6      | Found a glowing golden altar of the Shining One.
  5035 | D:6      | Found a white marble altar of Elyvilon.
  5035 | D:6      | Found a glowing silver altar of Zin.
  5152 | D:6      | Reached XP level 9. HP: 54/55 MP: 9/9
  5795 | D:7      | Found a shimmering blue altar of Sif Muna.
  5796 | D:7      | Found a sacrificial altar of Ru.
  5955 | D:7      | Reached skill level 7 in Axes
  6001 | D:7      | Reached *** piety under Qazlal
  6420 | D:8      | Found a hide-covered altar of Uskayaw.
  6711 | D:8      | Reached XP level 10. HP: 39/63 MP: 10/10
  6942 | D:8      | Found a white marble altar of Elyvilon.
  6956 | D:8      | Reached skill level 8 in Axes
  7191 | D:8      | Reached **** piety under Qazlal
  7557 | D:9      | Identified the +1 great sword "Zafista" {drain, Dex+2}
  7591 | D:9      | Reached skill level 5 in Dodging
  7804 | D:9      | Found a staircase to the Lair.
  7812 | D:9      | Reached skill level 9 in Axes
  7834 | D:9      | Reached XP level 11. HP: 25/68 MP: 11/11
  8198 | D:9      | Noticed a two-headed ogre
  8209 | D:9      | Killed a two-headed ogre
  8585 | D:10     | Entered Level 10 of the Dungeon
  8585 | D:10     | Noticed a two-headed ogre
  8585 | D:10     | Noticed a white ugly thing
  8588 | D:10     | Found a transporter.
  8589 | D:10     | Noticed BinkBink's ghost (journeyman FoFi)
  8590 | D:10     | Noticed a deep troll earth mage
  8908 | D:10     | Found a transporter.
  8923 | D:10     | Found a portal to a secret trove of treasure.
  9041 | D:10     | Identified the +0 chain mail "Uricedug" {Int+2}
  9078 | D:10     | Found a shimmering altar of Xom.
  9938 | D:11     | Noticed a boulder beetle
  9941 | D:11     | Noticed a red ugly thing
  9941 | D:11     | Noticed a cyclops
  9955 | D:11     | Killed a red ugly thing
  9956 | D:11     | Reached skill level 10 in Axes
 10214 | D:11     | Noticed a boulder beetle
 10259 | D:11     | Killed a boulder beetle
 10490 | D:11     | Noticed an orc knight
 10492 | D:11     | Noticed a centaur warrior
 10493 | D:11     | Reached ***** piety under Qazlal
 10505 | D:11     | Killed an orc knight
 10506 | D:11     | Reached XP level 12. HP: 44/76 MP: 12/12
 10516 | D:11     | Killed a centaur warrior
 10622 | D:11     | Noticed a two-headed ogre
 10639 | D:11     | Killed a two-headed ogre
 10858 | D:11     | Noticed a storm dragon
 10869 | D:11     | Noticed an ettin
 11057 | D:11     | Identified the +1 dagger of the Pill Bug {heavy, rC- rN+++
                  | rCorr Stlth+}
 11057 | D:11     | Noticed a centaur warrior
 11068 | D:11     | Killed a centaur warrior
 11361 | D:11     | Reached skill level 11 in Axes
 11434 | D:11     | Killed a storm dragon
 11580 | D:11     | Killed a boulder beetle
 11718 | D:11     | Slain by an ettin

Illustrated notes

Levels and vault maps discovered:
D:1:      erik_arrival_cave_to_civilisation [erik_arrival_cave_to_hall],
          layout_basic, minmay_tromino_v4_c
D:2:      minmay_general_purpose_star, layout_basic,
          minmay_misc_feat_secret_circle, dreamdust_princess_corridor,
          uniq_natasha
D:3:      layout_basic, mainiacjoe_overflow_large_starburst,
          mainiacjoe_overflow_alcove_1, serial_shops,
          nicolae_shop_tiny_waterfront
D:4:      layout_rooms, fedhas_altar_3, mainiacjoe_overflow_six_doors_small,
          temple_green, serial_shops, nicolae_shop_advertising_works
          [nicolae_subvault_shop_adworks], gup_sewer_entry_bubbles, uniq_edmund,
          uniq_blork_the_orc, uniq_ijyb
D:5:      nicolae_cairo_tiling_very_big, layout_loops_corners
D:6:      layout_basic, dreamdust_divine_triumvirate,
          nicolae_kite_square_tiling_tiny, serial_bayou_lagoon_a,
          kennysheep_cluttered_room, st_stairs_10, kennysheep_generic_room_12
D:7:      minmay_inner_zag, layout_basic, jmf_multi_god_temple,
          minmay_manual_monstrance
D:8:      cheibrodos_barr_body, layout_loops_cross, hangedman_feature_mirror,
          grunt_tough_drop
D:9:      layout_basic, dpeg_oklobed_lair, worms_lemuel
D:10:     layout_irregular_city, lemuel_doored_altar,
          nicolae_trove_entry_crystal, gammafunk_ghost_arena,
          minmay_misc_feat_encased
D:11:     nicolae_hexawheel, layout_basic, serial_bayou, serial_bayou_pond_b,
          serial_bayou_pond_c, serial_bayou_lagoon_b, serial_bayou_pond_c
Temple:   bh_familiar_temple

Skill      XL: |  1  2  3  4  5  6  7  8  9 10 11 12 |
---------------+-------------------------------------+-----
Axes           | 2 3 4 5 6 7 9 10 11 | 11.2
Dodging        | 1 2 3 4 5 6 |  6.7
Fighting       | 4 5 7 8 9 |  9.9
Armour         | 4 5 7 8 9 |  9.8
Shields        | 4 5 6 7 9 |  9.6

Action                     |  1- 3 |  4- 6 |  7- 9 | 10-12 || total
---------------------------+-------+-------+-------+-------++-------
  Melee: War axe           |   120 |   110 |   307 |   503 ||  1040
         Short sword       |       |    17 |       |       ||    17
  Throw: Throwing net      |       |       |       |     1 ||     1
    Use: Potion            |       |     1 |     2 |     4 ||     7
         Scroll            |       |       |    17 |     7 ||    24
 Armour: Scale mail        |    93 |    52 |       |       ||   145
         Ring mail         |       |    63 |   191 |   351 ||   605
  Dodge: Dodged            |    76 |    79 |   133 |   214 ||   502
         Repelled          |       |       |       |     7 ||     7
  Block: Buckler           |    25 |    26 |   132 |   276 ||   459

Table legend: (Time is in decaauts)
 A = Elapsed time spent in this place.
 B = Non-inter-level travel time spent in this place.
 C = Inter-level travel time spent in this place.
 D = Time resting spent in this place.
 E = Time spent auto-exploring this place.
 F = Levels seen in this place.
 G = Mean time per level.
                   A        B        C        D        E       F      G
               +--------+--------+--------+--------+--------+-----+--------+
         Total |  12024 |  11659 |    365 |   1519 |   7603 |  13 |  924.9 |
       Dungeon |  11698 |  11359 |    339 |   1519 |   7455 |  11 | 1063.5 |
        Temple |     27 |      1 |     26 |      0 |      0 |   1 |   27.0 |
         Sewer |    298 |    298 |      0 |      0 |    147 |   1 |  298.0 |
               +--------+--------+--------+--------+--------+-----+--------+

Top non-repeatable levels by time:
    D:11: 2117 daAuts
     D:8: 1232 daAuts
     D:2: 1114 daAuts
     D:9: 1083 daAuts
    D:10: 1048 daAuts
     D:3: 1001 daAuts
     D:5: 929 daAuts
     D:4: 894 daAuts
     D:6: 815 daAuts
     D:7: 761 daAuts
     D:1: 699 daAuts
   Sewer: 298 daAuts
  Temple: 27 daAuts
